 Dungeon Crawl Stone Soup version 0.24.1-14-gf8d2b509d9 (webtiles) character file.

Game seed: 4068788520824220204, levelgen mode: deterministic

2972 Chiseanne the Fighter (level 9, -9/111 HPs)
             Began as a Gnoll Wanderer on May 26, 2020.
             Was an Initiate of Gozag.
             Killed from afar by a gargoyle (17 damage)
             ... with a stone arrow
             ... on level 8 of the Dungeon on May 27, 2020.
             The game lasted 00:16:57 (7858 turns).

Chiseanne the Fighter (Gnoll Wanderer)              Turns: 7858, Time: 00:16:57

Health: -9/111     AC: 10    Str: 22    XL:     9   Next: 82%
Magic:  15/15      EV: 14    Int: 15    God:    Gozag
Gold:   662        SH:  6    Dex: 15    Spells: 17/17 levels left

rFire    . . .     SeeInvis .   s - +0 dagger (elec)
rCold    . . .     Gourm    .   x - +1 buckler
rNeg     . . .     Faith    .   I - +3 ring mail
rPois    .         Spirit   .   (no helmet)
rElec    .         Reflect  .   u - +0 cloak
rCorr    .         Harm     .   (no gloves)
MR       .....                  (no boots)
Stlth    ..........             (no amulet)
HPRegen  0.28/turn              (no ring)
MPRegen  0.14/turn              (no ring)

@: berserking, very quick
A: distributed training, fangs 1, strong nose
a: Potion Petition, Call Merchant, Bribe Branch, Renounce Religion


You were on level 8 of the Dungeon.
You worshipped Gozag.
Gozag was pleased with you.
You were not hungry.

You visited 2 branches of the dungeon, and saw 9 of its levels.

You collected 763 gold pieces.
You paid 101 gold pieces to Gozag.

Inventory:

Hand Weapons
 a - a +3 short sword of venom
 h - a +3 spear
 k - the +8 dagger of Coxkips {drain, rElec rPois Dex+5, unknown}
   (You found it on level 4 of the Dungeon)

   A truly terrible weapon, it drains the life of those it strikes.
   It affects your dexterity (+5).
   It insulates you from electricity.
   It protects you from poison.
 s - a +0 dagger of electrocution (weapon)
 t - a +2 quarterstaff of chaos
Missiles
 d - 27 arrows
 e - 137 stones
 g - 21 sling bullets
 n - 2 atropa-tipped darts
 q - 46 bolts
 B - 3 poisoned darts (quivered)
Armour
 p - a scarf of cloud immunity
 u - a +0 cloak (worn)
 x - a +1 buckler (worn)
 I - a +3 ring mail (worn)
Magical Staves
 y - an uncursed staff of poison {unknown}
Jewellery
 E - a cursed ring of attention {unknown}
Wands
 z - a wand of digging (4)
 H - a wand of polymorph (7)
Scrolls
 i - a scroll of immolation
 r - 5 scrolls of identify
 v - 4 scrolls of remove curse
 C - a scroll of magic mapping
Potions
 b - a potion of lignification
 c - 3 potions of curing
 l - 2 potions of haste
 m - a potion of mutation {unknown}
 o - 2 potions of brilliance {unknown}
 w - 2 potions of cancellation {unknown}
 A - a potion of heal wounds {unknown}
 D - a potion of degeneration {unknown}
 J - a potion of magic {unknown}
Comestibles
 f - 6 rations


   Skills:
 + Level 8.0 Fighting
 + Level 4.5 Short Blades
 + Level 4.5 Long Blades
 + Level 4.5 Axes
 + Level 4.5 Maces & Flails
 + Level 6.5 Polearms
 + Level 4.5 Staves
 + Level 4.5 Slings
 + Level 5.3 Bows
 + Level 4.5 Crossbows
 + Level 4.5 Throwing
 + Level 5.3 Armour
 + Level 5.3 Dodging
 + Level 5.2 Stealth
 + Level 4.5 Shields
 + Level 4.5 Unarmed Combat
 + Level 4.5 Spellcasting
 + Level 3.7 Conjurations
 + Level 3.7 Hexes
 + Level 3.7 Charms
 + Level 3.7 Summonings
 + Level 3.7 Necromancy
 + Level 3.7 Translocations
 + Level 3.7 Transmutations
 + Level 3.7 Fire Magic
 + Level 3.7 Ice Magic
 + Level 3.7 Air Magic
 + Level 3.7 Earth Magic
 + Level 3.7 Poison Magic
 + Level 5.0 Invocations
 + Level 5.3 Evocations


You had 17 spell levels left.
You didn't know any spells.
Your spell library contained the following spells:

 Spells                   Type           Power        Failure   Level  Hunger
 Confusing Touch          Hex            ##....       6%          1    None
 Sting                    Conj/Pois      ##..         6%          1    None
 Summon Small Mammal      Summ           ##..         6%          1    None
 Call Imp                 Summ           ##......     9%          2    ##.....
 Poisonous Vapours        Pois/Air       ##....       9%          2    ##.....
 Call Canine Familiar     Summ           ##......     17%         3    ###....
 Confuse                  Hex            ##......     17%         3    ###....
 Gell's Gravitas          Tloc           ##........   17%         3    ###....
 Mephitic Cloud           Conj/Pois/Air  ##......     17%         3    ###....
 Summon Guardian Golem    Hex/Summ       ##......     17%         3    ###....
 Olgreb's Toxic Radiance  Pois           ##......     50%         4    ####...
 Petrify                  Tmut/Erth      ##......     50%         4    ####...
 Summon Ice Beast         Ice/Summ       ##......     50%         4    ####...
 Summon Lightning Spire   Summ/Air       ##......     50%         4    ####...
 Metabolic Englaciation   Hex/Ice        ##........   85%         5    ######.
 Venom Bolt               Conj/Pois      ##........   85%         5    ######.
 Yara's Violent Unravell  Hex/Tmut       ##........   85%         5    ######.


Dungeon Overview and Level Annotations

Branches:
Dungeon (8/15)             Temple (1/1) D:6
   Lair: D:8-11

Altars:
Cheibriados
Dithmenos
Elyvilon
Fedhas
Gozag
Hepliaklqana
Makhleb
Nemelex Xobeh
Okawaru
Qazlal
Ru
Sif Muna
Uskayaw
Wu Jian
Xom
Yredelemnul
Zin
The Shining One


Innate Abilities, Weirdness & Mutations

Your experience applies equally to all skills.
You have very sharp teeth.
Your uncanny sense of smell can sniff out nearby items.


Message History

You hit the gargoyle but do no damage.
The gargoyle is severely damaged.
The gargoyle hits you with a +0 mace!
* * * LOW HITPOINT WARNING * * *
You hit the gargoyle.
The gargoyle is almost destroyed.
You hit the gargoyle but do no damage.
The gargoyle is almost destroyed.
The gargoyle barely misses you.
You hit the gargoyle but do no damage.
You bite the gargoyle, but do no damage.
The gargoyle is almost destroyed.
You hit the gargoyle but do no damage.
The gargoyle is almost destroyed.
You hit the gargoyle.
The gargoyle is almost destroyed.
The gargoyle hurls a stone arrow at you.
The stone arrow hits you!
You die...
Your body crumbles into a pile of gold.

#.## #..#####
##########################.......
#.................9..............
#............###########.###.##
#.##########.######### #.# ##..
#.# #.........# #.# #.# #.#
#.........# #.# #.# #.#
#..@......# #.# #.# #.#
######..9......# #.# ... #.#
...............# #.# ##.# # #.#∆
........####...# #.# .... #.#.#
...####.# #...# #.###.## #.#.#
.#.####.####...# #....... ....#
.........:.....# #####.## #.#.#
...####.####...#######.# ..#.#
#.# #...#.......#


You could see a gargoyle.

Vanquished Creatures
  Grinder (D:6)
  2 hippogriffs
  4 orc warriors
  A phantom (D:4)
  A sky beast (D:7)
  2 necrophages
  2 ogres
  3 scorpions
  4 killer bees (D:7)
  4 crimson imps
  A bullfrog zombie (D:7)
  2 quasits
  A centaur zombie (D:8)
  2 hounds
  2 jellies
  A bullfrog skeleton (D:5)
  Crazy Yiuf (D:5)
  3 orc priests
  5 orc wizards
  A centaur skeleton (D:4)
  4 iguanas
  7 worker ants
  A hound skeleton (D:8)
  A worker ant zombie (D:7)
  7 gnolls
  6 adders
  An ooze (D:1)
  An adder zombie (D:7)
  6 leopard geckos
  28 orcs
  6 goblins
  2 hobgoblins (D:1)
  12 jackals
  7 kobolds
  3 quokkas (D:6)
  4 bats
  5 frilled lizards (D:1)
  2 quokka skeletons
  3 rats (D:1)
149 creatures vanquished.

Notes
Turn   | Place    | Note
-------+----------+-------------------------------------------
     0 | D:1      | Chiseanne the Gnoll Wanderer began the quest for the Orb.
     0 | D:1      | Chiseanne set off with the following items: a +2 spear, a
                  | potion of lignification, a potion of curing, a +0 robe, a
                  | ration
     0 | D:1      | Reached XP level 1. HP: 23/23 MP: 2/2
   107 | D:1      | Reached XP level 2. HP: 28/29 MP: 3/3
   325 | D:1      | Reached XP level 3. HP: 34/35 MP: 4/4
   794 | D:2      | Reached skill level 1 in Invocations
  1111 | D:3      | Found a snail-covered altar of Cheibriados.
  1197 | D:3      | Reached skill level 1 in Short Blades
  1197 | D:3      | Reached skill level 1 in Long Blades
  1197 | D:3      | Reached skill level 1 in Axes
  1197 | D:3      | Reached skill level 1 in Maces & Flails
  1197 | D:3      | Reached skill level 1 in Staves
  1197 | D:3      | Reached skill level 1 in Slings
  1197 | D:3      | Reached skill level 1 in Crossbows
  1197 | D:3      | Reached skill level 1 in Throwing
  1197 | D:3      | Reached skill level 1 in Shields
  1197 | D:3      | Reached skill level 1 in Unarmed Combat
  1197 | D:3      | Reached skill level 1 in Spellcasting
  1197 | D:3      | Reached XP level 4. HP: 37/41 MP: 4/6
  1519 | D:4      | Reached skill level 1 in Conjurations
  1519 | D:4      | Reached skill level 1 in Hexes
  1519 | D:4      | Reached skill level 1 in Charms
  1519 | D:4      | Reached skill level 1 in Summonings
  1519 | D:4      | Reached skill level 1 in Necromancy
  1519 | D:4      | Reached skill level 1 in Translocations
  1519 | D:4      | Reached skill level 1 in Transmutations
  1519 | D:4      | Reached skill level 1 in Fire Magic
  1519 | D:4      | Reached skill level 1 in Ice Magic
  1519 | D:4      | Reached skill level 1 in Air Magic
  1519 | D:4      | Reached skill level 1 in Earth Magic
  1519 | D:4      | Reached skill level 1 in Poison Magic
  1857 | D:3      | Reached XP level 5. HP: 30/47 MP: 7/7
  2079 | D:4      | Found a white marble altar of Elyvilon.
  2194 | D:4      | Found a sparkling altar of Nemelex Xobeh.
  2196 | D:4      | Found a glowing golden altar of the Shining One.
  2196 | D:4      | Found a blossoming altar of Fedhas.
  2196 | D:4      | Found an ornate altar of the Wu Jian Council.
  2214 | D:4      | Reached XP level 6. HP: 43/53 MP: 8/8
  2337 | D:4      | Noticed a phantom
  2361 | D:4      | Killed a phantom
  2361 | D:4      | Reached skill level 5 in Polearms
  2541 | D:4      | Got a crystal dagger
  2954 | D:4      | Noticed an orc warrior
  2968 | D:4      | Killed an orc warrior
  2968 | D:4      | Reached skill level 7 in Fighting
  2968 | D:4      | Reached XP level 7. HP: 33/60 MP: 10/10
  3494 | D:5      | Entered Level 5 of the Dungeon
  3532 | D:5      | Found a basalt altar of Yredelemnul.
  3639 | D:5      | Found a runed translucent door.
  3640 | D:5      | Noticed Crazy Yiuf
  3656 | D:5      | Killed Crazy Yiuf
  3954 | D:5      | Reached XP level 8. HP: 66/67 MP: 12/12
  4089 | D:5      | Found an iron altar of Okawaru.
  4164 | D:5      | Found a sacrificial altar of Ru.
  4255 | D:5      | Found a hazy altar of Hepliaklqana.
  4311 | D:6      | Noticed Grinder
  4317 | D:6      | Killed Grinder
  4409 | D:6      | Found a staircase to the Ecumenical Temple.
  4653 | Temple   | Entered the Ecumenical Temple
  4660 | Temple   | Became a worshipper of Gozag Ym Sagoz the Greedy
  5700 | D:7      | Reached XP level 9. HP: 60/72 MP: 14/14
  6411 | D:7      | Reached skill level 5 in Bows
  6411 | D:7      | Reached skill level 5 in Armour
  6411 | D:7      | Reached skill level 5 in Dodging
  6411 | D:7      | Reached skill level 5 in Evocations
  6663 | D:8      | Noticed a gargoyle
  6971 | D:8      | Reached skill level 5 in Stealth
  7058 | D:8      | Reached skill level 8 in Fighting
  7341 | D:8      | Reached skill level 5 in Invocations
  7462 | D:8      | Noticed a troll
  7858 | D:8      | Killed from afar by a gargoyle

Levels and vault maps discovered:
D:1:      nicolae_arrival_memento_mori, layout_loops_corners,
          skrybe_limestone_x, minmay_heptomino_w4
D:2:      layout_basic, first_ration
D:3:      layout_basic, nicolae_overflow_crystal_walls
D:4:      layout_loops_cross, elyvilon_altar_5, grunt_temple_overflow_open,
          hangedman_decor_diamond_cutter, abandoned_shop
D:5:      layout_basic, lemuel_doored_altar, overflow_temple_1_default,
          overflow_temple_1_default, chequers_serial_rivers_marsh,
          nicolae_ru_path_of_blood, uniq_crazy_yiuf_cottage
D:6:      layout_loops_ring, minmay_temple_entry_junction, uniq_grinder
D:7:      layout_loops_cross
D:8:      gammafunk_sealed_arena, layout_basic
Temple:   nicolae_temple_x_marks_the_god

Skill      XL: |  1  2  3  4  5  6  7  8  9 |
---------------+----------------------------+-----
Invocations    | 1 2 3 4 5 |  5.0
Short Blades   | 1 2 3 4 |  4.5
Long Blades    | 1 2 3 4 |  4.5
Axes           | 1 2 3 4 |  4.5
Maces & Flails | 1 2 3 4 |  4.5
Staves         | 1 2 3 4 |  4.5
Slings         | 1 2 3 4 |  4.5
Crossbows      | 1 2 3 4 |  4.5
Throwing       | 1 2 3 4 |  4.5
Shields        | 1 2 3 4 |  4.5
Unarmed Combat | 1 2 3 4 |  4.5
Spellcasting   | 1 2 3 4 |  4.5
Conjurations   | 1 2 3 |  3.7
Hexes          | 1 2 3 |  3.7
Charms         | 1 2 3 |  3.7
Summonings     | 1 2 3 |  3.7
Necromancy     | 1 2 3 |  3.7
Translocations | 1 2 3 |  3.7
Transmutations | 1 2 3 |  3.7
Fire Magic     | 1 2 3 |  3.7
Ice Magic      | 1 2 3 |  3.7
Air Magic      | 1 2 3 |  3.7
Earth Magic    | 1 2 3 |  3.7
Poison Magic   | 1 2 3 |  3.7
Bows           | 3 4 5 |  5.3
Armour         | 3 4 5 |  5.3
Dodging        | 3 4 5 |  5.3
Evocations     | 3 4 5 |  5.3
Stealth        | 3 4 5 |  5.2
Polearms       | 5 6 |  6.5
Fighting       | 7 8 |  8.0

Action                   |  1- 3 |  4- 6 |  7- 9 || total
-------------------------+-------+-------+-------++-------
Melee: Spear             |    88 |    67 |       ||   155
       Bite              |     4 |    15 |    43 ||    62
       Dagger            |       |    77 |   147 ||   224
       Short sword       |       |       |   245 ||   245
       Punch             |       |       |     1 ||     1
Throw: Dart              |       |     5 |    15 ||    20
       Stone             |       |       |     6 ||     6
Invok: Potion Petition   |       |       |     1 ||     1
Evoke: Wand              |       |       |     1 ||     1
  Use: Scroll            |       |     6 |     6 ||    12
       Potion            |       |     5 |       ||     5
 Stab: Sleeping          |     5 |       |     4 ||     9
       Distracted        |       |       |     1 ||     1
  Eat: Chunk             |       |     7 |     5 ||    12
       Ration            |       |       |     4 ||     4
Armor: Robe              |     6 |       |       ||     6
       Leather armour    |     2 |       |       ||     2
       Scale mail        |    15 |    45 |   101 ||   161
       Ring mail         |       |       |    19 ||    19
Dodge: Dodged            |    27 |    63 |   194 ||   284
Block: Buckler           |       |       |    80 ||    80
